 Dungeon Crawl Stone Soup version 0.21-a0-531-gacddea6 (webtiles) character file.

235 qqqbard the Bolt Thrower (level 6, -7/37 HPs)
             Began as a Kobold Hunter on Dec 13, 2017.
             Was an Initiate of Dithmenos.
             Mangled by an ogre
             ... wielding a +0 giant club
              (25 damage)
             ... on level 5 of the Dungeon.
             The game lasted 00:06:10 (3156 turns).

qqqbard the Bolt Thrower (Kobold Hunter)            Turns: 3156, Time: 00:06:11

Health: -7/37      AC:  5    Str: 11    XL:     6   Next: 27%
Magic:  6/6        EV: 15    Int: 12    God:    Dithmenos [......]
Gold:   174        SH:  0    Dex: 16    Spells: 5/5 levels left

rFire    . . .     SeeInvis .   b - +1 rapier (elec)
rCold    . . .     Gourm    .   (shield restricted)
rNeg     . . .     Faith    .   c - +0 leather armour
rPois    .         Spirit   .   (no helmet)
rElec    .         Reflect  .   h - +0 cloak
rCorr    .         Harm     .   w - +0 pair of gloves
MR       .....                  (no boots)
Stlth    +++.......             (no amulet)
HPRegen  0.12/turn              (no ring)
MPRegen  0.10/turn              (no ring)

@: no status effects
A: small, carnivore 3
a: Renounce Religion


You were on level 5 of the Dungeon.
You worshipped Dithmenos.
Dithmenos was noncommittal.
You were very full.

You visited 2 branches of the dungeon, and saw 6 of its levels.

You collected 174 gold pieces.

Inventory:

Hand Weapons
 a - a +1 hand crossbow
 b - a +1 rapier of electrocution (weapon)
Armour
 c - a +0 leather armour (worn)
 h - a +0 cloak (worn)
 w - a +0 pair of gloves (worn)
Jewellery
 C - an uncursed ring of poison resistance {unknown}
Wands
 A - a wand of disintegration (11)
Scrolls
 e - 2 scrolls of teleportation {unknown}
 g - 4 scrolls of identify {unknown}
 k - a scroll of enchant weapon {unknown}
 l - 2 scrolls of enchant armour {unknown}
 n - a scroll of fear {unknown}
 o - 2 scrolls of remove curse {unknown}
 q - 4 scrolls of blinking {unknown}
 t - 2 scrolls of amnesia {unknown}
 u - 2 scrolls of magic mapping {unknown}
 x - a scroll of noise {unknown}
 y - a scroll of immolation {unknown}
 D - a scroll of fog {unknown}
Potions
 i - a potion of degeneration {unknown}
 j - a potion of berserk rage {unknown}
 m - a potion of might
 r - a potion of flight {unknown}
 s - a potion of agility {unknown}
 z - a potion of brilliance {unknown}
 B - a potion of ambrosia {unknown}
Books
 p - a book of Misfortune

   Spells                             Type                      Level
   a - Confusing Touch                Hexes                        1
   b - Confuse                        Hexes                        3
   c - Gell's Gravitas                Translocation                3
   d - Petrify                        Transmutation/Earth          4
   e - Metabolic Englaciation         Hexes/Ice                    5
   f - Yara's Violent Unravelling     Hexes/Transmutation          5
Comestibles
 f - 3 meat rations
 v - 2 royal jellies


   Skills:
 + Level 3.0 Fighting
 + Level 2.3 Short Blades
 * Level 6.0 Crossbows
 + Level 1.4 Armour
 + Level 3.3 Dodging
 * Level 4.3 Stealth


You had 5 spell levels left.
You didn't know any spells.

Dungeon Overview and Level Annotations

Branches:
Dungeon (5/15)             Temple (1/1) D:4

Altars:
Ashenzari
Cheibriados
Dithmenos
Elyvilon
Fedhas
Gozag
Hepliaklqana
Kikubaaqudgha
Makhleb
Qazlal
Ru
Sif Muna
Trog
Uskayaw
Vehumet
Wu Jian
Xom
Yredelemnul
Zin
The Shining One

Shops:
D:4 !}=*


Innate Abilities, Weirdness & Mutations

You are small and have problems with some larger weapons.
You are carnivorous and can eat meat at any time.


Message History

You closely miss the sky beast.
The worker ant twitches its antennae in your direction.
The sky beast misses you.
You puncture the crimson imp!
The crimson imp is severely wounded.
The crimson imp hits you but does no damage.
The sky beast hits you. The sky beast shocks you.
A centaur comes into view.
The centaur shouts!
You hit the crimson imp.
The crimson imp is severely wounded.
The crimson imp barely misses you. The sky beast hits you.
The sky beast shocks you.
You hit the crimson imp.
The crimson imp is almost dead.
The crimson imp closely misses you.
The orc hits you with an enchanted flail.
The sky beast completely misses you. The ogre hits you with a giant club!!
Ouch! That really hurt!
You die...

....( .....
############..(..
.............(..>
.........†.(....
#........(.....
#.......(......
#....>o5O.c....
#......@Y......
#####....a....##...
..............# #
#####.......[.#
#.)....#.######
...##..##.# #.###..
#<# ...# #.# #.##


You could see a sky beast, an ogre, a centaur, a worker ant, a crimson imp and
an orc.

Vanquished Creatures
  A scorpion (D:4)
  A howler monkey (D:4)
  2 iguanas
  3 adders (D:2)
  A worm (D:2)
  A dart slug (D:2)
  A leopard gecko (D:2)
  9 orcs
  5 bats
  2 giant cockroaches
  4 goblins
  8 hobgoblins
  4 jackals (D:4)
  3 kobolds (D:3)
  A ball python (D:3)
  3 frilled lizards
  A leopard gecko zombie (D:5)
  8 rats
58 creatures vanquished.

Notes
Turn   | Place    | Note
-------+----------+-------------------------------------------
     0 | D:1      | qqqbard the Kobold Hunter began the quest for the Orb.
     0 | D:1      | Reached XP level 1. HP: 12/12 MP: 1/1
   402 | D:1      | Reached XP level 2. HP: 17/17 MP: 2/2
   529 | D:2      | Reached skill level 5 in Crossbows
   610 | D:2      | Reached XP level 3. HP: 14/22 MP: 3/3
   952 | D:2      | Reached skill level 1 in Short Blades
  1264 | D:2      | Found a basalt altar of Yredelemnul.
  1280 | D:2      | Found a stormy altar of Qazlal.
  1304 | D:2      | Found a radiant altar of Vehumet.
  1310 | D:2      | Reached XP level 4. HP: 12/27 MP: 4/4
  1644 | D:3      | Found a white marble altar of Elyvilon.
  2189 | D:4      | Found Wid Josto's Jewellery Shoppe.
  2189 | D:4      | Found Woicopt's Gadget Boutique.
  2212 | D:4      | HP: 1/27 [orc (4)]
  2237 | D:3      | HP: 1/27 [orc/short sword (5)]
  2518 | D:4      | Reached skill level 1 in Armour
  2518 | D:4      | Reached XP level 5. HP: 30/31 MP: 5/5
  2546 | D:4      | Reached XP level 6. HP: 36/36 MP: 6/6
  2623 | D:4      | Found Qulu's Distillery.
  2664 | D:4      | Found Guxtuhomyt's Assorted Antiques.
  2713 | D:4      | Found a snail-covered altar of Cheibriados.
  2802 | D:4      | Found a staircase to the Ecumenical Temple.
  2919 | Temple   | Entered the Ecumenical Temple
  3076 | Temple   | Became a worshipper of Dithmenos the Shadowed
  3133 | D:5      | Entered Level 5 of the Dungeon
  3147 | D:5      | Noticed a sky beast
  3150 | D:5      | Reached skill level 6 in Crossbows
  3151 | D:5      | Noticed an ogre
  3156 | D:5      | Mangled by an ogre

Vault maps used:
D:1:      lightli_arrival_windingriver
D:2:      lemuel_round_altar, nicolae_overflow_hidden_temple
D:3:      elyvilon_altar_4
D:4:      lemuel_temple_firewalk_a, first_bread, serial_shops, shop, shop, shop,
          shop, lemuel_statue_altar
D:5:      lightli_ossuary_entry_decrepit_ruins, grunt_qazlal_clouds
Temple:   eino_temple_rhombus

Skill      XL: |  1  2  3  4  5  6 |
---------------+-------------------+-----
Crossbows      | 5 6 |  6.0
Stealth        | 2 3 4 |  4.3
Short Blades   | 1 2 |  2.3
Dodging        | 3 |  3.3
Armour         | 1 |  1.4
Fighting       | 3 |  3.0

Action                   |  1- 3 |  4- 6 || total
-------------------------+-------+-------++-------
Melee: Short sword       |     8 |     7 ||    15
       Rapier            |       |    60 ||    60
 Fire: Hand crossbow     |    48 |    48 ||    96
  Use: Potion            |       |     4 ||     4
 Stab: Sleeping          |       |     1 ||     1
  Eat: Chunk             |     9 |     4 ||    13
Armor: Leather armour    |     3 |    19 ||    22
Dodge: Dodged            |    12 |    68 ||    80

Table legend:
 A = Spawn XP
 B = Non-spawn XP
 C = Spawn XP percentage of total XP
 D = Spawn monster count
 E = Non-spawn monster count
 F = Spawn count percentage of total count
 G = Total turns spent on level
                    A         B        C        D         E        F      G
               +---------+---------+-------+---------+---------+-------+---------
         Total |       0 |     337 |   0.0 |       0 |      58 |   0.0 |  3156
               +---------+---------+-------+---------+---------+-------+---------
           D:1 |       0 |       9 |   0.0 |       0 |       5 |   0.0 |   474
           D:2 |       0 |      66 |   0.0 |       0 |      17 |   0.0 |   897
           D:3 |       0 |      47 |   0.0 |       0 |      24 |   0.0 |  1089
           D:4 |       0 |     177 |   0.0 |       0 |       9 |   0.0 |   505
           D:5 |       0 |      38 |   0.0 |       0 |       3 |   0.0 |    23
               +---------+---------+-------+---------+---------+-------+---------
